 Dungeon Crawl Stone Soup version 0.29-a0-284-gf9362112df (webtiles) character file.

Game seed: 3918241727836356275

486 YayAnonymity the Cleaver (level 6, -2/56 HPs)
             Began as a Minotaur Fighter on Mar 19, 2022.
             Slain by a kobold brigand
             ... wielding a +4 whip of electrocution
              (9 damage)
             ... in a sewer on Mar 20, 2022.
             The game lasted 00:05:46 (2838 turns).

YayAnonymity the Cleaver (Minotaur Fighter)         Turns: 2838, Time: 00:05:47

Health: -2/56      AC: 10    Str: 22    XL:     6   Next: 89%
Magic:  5/5        EV:  7    Int:  5    God:
Gold:   114        SH:  4    Dex: 10    Spells: 5/5 levels left

rFire   . . .      SeeInvis .   x - +4 spear (vamp)
rCold   . . .      Faith    .   c - +0 buckler
rNeg    . . .      Spirit   .   w - +0 chain mail
rPois   .          Reflect  .   r - +0 hat
rElec   .          Harm     .   p - scarf {repulsion}
rCorr   .          Rampage  .   n - +0 pair of gloves
Will    .....                   (no boots)
Stlth   ..........              (no amulet)
HPRegen 0.18/turn               (no ring)
MPRegen 0.09/turn               (no ring)

@: repel missiles, very slow
A: horns 2, retaliatory headbutt
a: no special abilities


You were in a sewer.
You visited 1 branch of the dungeon, and saw 3 of its levels.
You also visited: Sewer.

You collected 114 gold pieces.

Inventory:

Hand Weapons
 a - a +0 war axe
 x - a +4 vampiric spear (weapon)
Missiles
 j - 2 boomerangs (quivered)
 v - 10 poisoned darts
Armour
 c - a +0 buckler (worn)
 n - a +0 pair of gloves (worn)
 p - a scarf of repulsion (worn)
 r - a +0 hat (worn)
 w - a +0 chain mail (worn)
Wands
 q - a wand of iceblast (14)
 u - a wand of flame (7)
Scrolls
 e - a scroll of immolation {unknown}
 k - a scroll of amnesia
 l - a scroll of teleportation
 o - 2 scrolls of vulnerability {unknown}
 t - a scroll of identify
Potions
 d - a potion of lignification {unknown}
 f - 2 potions of heal wounds
 g - a potion of degeneration {unknown}
 h - a potion of flight {unknown}
 i - 3 potions of curing {unknown}
 m - 3 potions of brilliance {unknown}
 s - a potion of mutation {unknown}


   Skills:
 - Level 5.0 Fighting
 + Level 8.3 Axes
 - Level 3.6 Armour
 - Level 3.6 Shields


You had 5 spell levels left.
You didn't know any spells.
Your spell library contained the following spells:

 Spells                   Type           Power      Damage    Failure   Level
 Dazzling Flash           Conj/Hex       0%         N/A       100%        3
 Tukima's Dance           Hex            0%         N/A       100%        3
 Passage of Golubria      Tloc           0%         N/A       100%        4
 Agony                    Necr           0%         N/A       100%        5
 Silence                  Hex/Air        0%         N/A       100%        5
 Yara's Violent Unravell  Hex/Tmut       0%         3d3       100%        5
 Malign Gateway           Summ/Tloc      0%         N/A       100%        7
 Summon Horrible Things   Summ           0%         N/A       100%        8


Dungeon Overview and Level Annotations

Branches:
Dungeon (3/15)              Sewer (1/1)

Altars:


Innate Abilities, Weirdness & Mutations

You have a pair of horns on your head.
You reflexively headbutt those who attack you in melee.


Message History

The kobold brigand is lightly wounded.
The kobold brigand splashes around in the water.
You closely miss the kobold brigand.
Your headbutt misses the kobold brigand.
The kobold brigand is lightly wounded.
The kobold brigand splashes around in the water.
You barely miss the kobold brigand.
The kobold brigand is lightly wounded.
You hit the kobold brigand. You headbutt the kobold brigand.
The kobold brigand is moderately wounded.
The kobold brigand hits you with a +4 whip of electrocution.
You are electrocuted!
You hit the kobold brigand but do no damage.
You headbutt the kobold brigand.
The kobold brigand is heavily wounded.
The kobold brigand splashes around in the water.
You barely miss the kobold brigand.
The kobold brigand is heavily wounded.
The kobold brigand hits you with a +4 whip of electrocution.
You are electrocuted!
Your unstable footing causes you to fumble your attack.
The kobold brigand splashes around in the water.
You hit the kobold brigand.
You feel better.
Your headbutt misses the kobold brigand.
The kobold brigand is heavily wounded.
The kobold brigand hits you with a +4 whip of electrocution.
You are electrocuted!
* * * LOW HITPOINT WARNING * * *
You closely miss the kobold brigand.
The kobold brigand is heavily wounded.
The kobold brigand barely misses you.
You barely miss the kobold brigand. You headbutt the kobold brigand!
The kobold brigand is severely wounded.
Your unstable footing causes you to fumble your attack.
The kobold brigand hits you but does no damage.
You hit the kobold brigand.
Your headbutt misses the kobold brigand.
The kobold brigand is almost dead.
The kobold brigand hits you with a +4 whip of electrocution!
You die...

≈≈≈≈≈≈≈..≈≈.## #≈#
≈≈≈≈≈≈≈.≈....# #≈#
≈≈≈≈≈≈≈.≈.≈≈.≈ #≈#
########P..≈.. ###≈ #≈#
≈≈≈≈P.P.... #≈≈≈≈ #≈#
########PP≈≈†≈ ##≈≈≈
#K#≈≈≈≈≈≈≈≈≈≈P..≈.
#≈≈≈≈≈#K#≈≈≈≈≈≈≈≈≈≈P.≈..
#≈≈≈≈#@#≈≈≈≈≈≈≈≈≈.≈P...
#≈≈≈.#†#.≈≈≈≈≈≈≈≈≈...≈.
#≈≈≈...PP.≈≈≈≈≈≈≈≈.≈≈P.
#.≈≈≈..P############.P.
##≈....P≈≈≈≈≈≈≈†≈≈≈≈.P.
#≈≈!≈≈.############.≈≈
#≈..≈.†≈.≈≈≈≈≈≈≈≈≈.≈..
#.≈..P≈.≈≈≈≈≈≈≈≈≈≈..≈.≈
##.≈..P≈..≈≈≈≈≈≈≈≈....P


You could see a kobold brigand and a kobold.

Vanquished Creatures
  A phantom (D:3)
  A kobold brigand (Sewer)
  A gnoll shaman (D:3)
  An orc wizard (D:3)
  8 adders
  4 gnolls (D:3)
  5 river rats (Sewer)
  4 worms
  8 orcs
  10 bats
  11 endoplasms
  4 giant cockroaches
  9 goblins
  4 hobgoblins
  5 jackals (Sewer)
  13 kobolds
  3 quokkas
  13 ball pythons
  4 frilled lizards
  13 rats
122 creatures vanquished.

Vanquished Creatures (others)
  4 plants (Sewer)
4 creatures vanquished.

Grand Total: 126 creatures vanquished

Notes
Turn   | Place    | Note
-------+----------+-------------------------------------------
     0 | D:1      | YayAnonymity the Minotaur Fighter began the quest for the
                  | Orb.
     0 | D:1      | Reached XP level 1. HP: 19/19 MP: 0/0
    45 | D:1      | Reached skill level 3 in Axes
    45 | D:1      | Reached XP level 2. HP: 19/27 MP: 1/1
   272 | D:1      | Reached XP level 3. HP: 29/34 MP: 2/2
  1176 | D:2      | Reached skill level 4 in Axes
  1177 | D:2      | Reached XP level 4. HP: 40/41 MP: 3/3
  1210 | D:2      | Reached skill level 5 in Fighting
  1556 | D:2      | Reached skill level 5 in Axes
  2107 | D:3      | Reached XP level 5. HP: 47/48 MP: 4/4
  2112 | D:3      | Noticed a phantom
  2125 | D:3      | Killed a phantom
  2126 | D:3      | Reached skill level 6 in Axes
  2290 | D:3      | Found a glowing drain.
  2296 | D:3      | Reached XP level 6. HP: 46/56 MP: 5/5
  2318 | D:3      | Reached skill level 7 in Axes
  2403 | Sewer    | Entered a sewer
  2744 | Sewer    | Reached skill level 8 in Axes
  2838 | Sewer    | Slain by a kobold brigand

Illustrated notes

Levels and vault maps discovered:
D:1:      lemuel_arrival_muddy, layout_rooms, minmay_strange_pillars,
          minmay_misc_feat_enclosed
D:2:      layout_basic, serial_glass, glass_columns_c, glass_columns_c,
          glass_columns_a, glass_columns_b, glass_columns_b, glass_columns_c,
          glass_columns_b, glass_columns_b, glass_columns_a, glass_columns_a,
          glass_columns_a, glass_columns_a, glass_columns_a, glass_columns_a,
          due_unseen_surprise, feat_on_display, minmay_divided_ellipse
D:3:      layout_rooms, trog_butcher_becter, cheibrodos_sewer_entry_drain
Sewer:    sewer_co_scattered_pipes

Skill      XL: |  1  2  3  4  5  6 |
---------------+-------------------+-----
Fighting       | 4 5 |  5.0
Axes           | 3 4 5 6 8 |  8.3
Armour         | |  3.6
Shields        | |  3.6

Action                   |  1- 3 |  4- 6 || total
-------------------------+-------+-------++-------
Melee: War axe           |    75 |     4 ||    79
       Headbutt          |     5 |    25 ||    30
       Spear             |       |   210 ||   210
  Use: Scroll            |       |     4 ||     4
       Potion            |       |     2 ||     2
Armor: Scale mail        |    32 |    55 ||    87
       Chain mail        |       |    24 ||    24
Dodge: Dodged            |    35 |    82 ||   117
Block: Buckler           |    15 |    42 ||    57

Table legend: (Time is in decaauts)
 A = Elapsed time spent in this place.
 B = Non-inter-level travel time spent in this place.
 C = Inter-level travel time spent in this place.
 D = Time resting spent in this place.
 E = Time spent auto-exploring this place.
 F = Levels seen in this place.
 G = Mean time per level.
                   A        B        C        D        E       F      G
               +--------+--------+--------+--------+--------+-----+--------+
         Total |   2882 |   2691 |    191 |      0 |   1968 |   4 |  720.5 |
       Dungeon |   2436 |   2245 |    191 |      0 |   1641 |   3 |  812.0 |
         Sewer |    445 |    445 |      0 |      0 |    327 |   1 |  445.0 |
               +--------+--------+--------+--------+--------+-----+--------+

Top non-repeatable levels by time:
     D:2: 1296 daAuts
     D:1: 837 daAuts
   Sewer: 445 daAuts
     D:3: 302 daAuts
